 Dungeon Crawl Stone Soup version 0.30.0-30-g96aa6591b8 (webtiles) character file.

Game seed: 15720722687929865271

182 H0rd4k the Charlatan (level 5, -2/38 HPs)
             Began as a Human Artificer on June 26, 2023.
             Slain by a howler monkey (3 damage)
             ... on level 4 of the Dungeon.
             The game lasted 00:03:36 (2606 turns).

H0rd4k the Charlatan (Human Artificer)              Turns: 2606, Time: 00:03:37

Health: -2/38      AC:  3    Str: 12    XL:     5   Next: 93%
Magic:  5/5        EV:  9    Int: 13    God:
Gold:   180        SH:  0    Dex: 14    Spells: 4/4 levels left

rFire   . . .        a - +0 club
rCold   . . .        (no shield)
rNeg    . . .        b - +0 leather armour
rPois   .            (no helmet)
rElec   .            (no cloak)
rCorr   .            (no gloves)
SInv    .            (no boots)
Will    .....        (no amulet)
Stlth   ++           (no ring)
HPRegen 0.26/turn    (no ring)
MPRegen 0.09/turn

%: no passive effects
@: flying, constricted
A: no striking features
a: no special abilities


You were on level 4 of the Dungeon.
You visited 1 branch of the dungeon, and saw 4 of its levels.

You collected 180 gold pieces.

Inventory:

Hand Weapons
 a - a +0 club (weapon)
 x - a +0 dagger of electrocution
Missiles
 w - a poisoned dart (quivered)
Armour
 b - a +0 leather armour (worn)
Jewellery
 y - a +6 ring of intelligence
Wands
 c - a wand of flame (19)
 d - a wand of charming (5)
 e - a wand of iceblast (2)
Scrolls
 f - 2 scrolls of noise {unknown}
 i - a scroll of enchant armour {unknown}
 j - a scroll of vulnerability {unknown}
 k - 2 scrolls of poison {unknown}
 l - 2 scrolls of magic mapping {unknown}
 m - a scroll of fog {unknown}
 p - a scroll of teleportation {unknown}
 r - a scroll of blinking {unknown}
 s - 2 scrolls of immolation {unknown}
 u - a scroll of identify {unknown}
Potions
 g - a potion of flight
 h - 2 potions of lignification {unknown}
 n - a potion of heal wounds {unknown}
 o - a potion of curing {unknown}
 q - 2 potions of mutation {unknown}
 t - a potion of berserk rage {unknown}
 v - a potion of haste {unknown}
 z - a potion of might {unknown}


   Skills:
 + Level 1.8 Fighting
 + Level 2.8 Maces & Flails
 - Level 2.0 Armour
 + Level 2.5 Dodging
 + Level 1.5 Stealth
 + Level 4.0 Evocations


You had 4 spell levels left.
You didn't know any spells.
Your spell library contained the following spells:

 Spells                   Type           Power      Damage    Failure   Level
 Static Discharge         Conj/Air       0%         2-2/arc   52%         2
 Airstrike                Air            0%         2d(0-16)  98%         4
 Summon Lightning Spire   Summ/Air       0%         N/A       98%         4


Dungeon Overview and Level Annotations

Branches:
Dungeon (4/15)
 Temple: D:4-7

Altars:
Dithmenos
Nemelex Xobeh


Message History

The endoplasm quivers.
Okay, then.
The endoplasm attacks as you move away! The endoplasm hits you.
* * * LOW HITPOINT WARNING * * *
The kobold attacks as you move away! The kobold closely misses you.
A howler monkey comes into view.
The kobold attacks as you move away! The kobold misses you.
A ball python, a dart slug and a hobgoblin come into view.
The howler monkey howls!
The ball python hisses angrily.
The endoplasm closely misses you.
A jelly comes into view.
The howler monkey hoots and howls with incredible vigour!
A goblin comes into view. It is wielding a +0 club.
You hear an angry hiss.
You hear a shout! x2; You hear a bark!
You hear an angry hiss. x2
Aiming: Charm
Press: ? - help, Shift-Dir - straight line, f - endoplasm
Aim: an endoplasm (chance to affect: 75%)
The endoplasm struggles to resist.
The dart slug launches a dart at you. The slug dart misses you.
The slug dart hits the endoplasm.
The ball python bites you but does no damage.
The ball python grabs you. The ball python constricts you.
* * * LOW HITPOINT WARNING * * *
The endoplasm hits you but does no damage.
Aiming: Charm
Press: ? - help, Shift-Dir - straight line, f/p - endoplasm
Aim: an endoplasm (lightly wounded, chance to affect: 75%)
The endoplasm is charmed.
The ball python bites you but does no damage.
The ball python constricts you. The hobgoblin barely misses you.
The kobold hits your endoplasm with a +0 short sword.
An endoplasm comes into view.
It was a potion of flight.
You feel very buoyant.
You fly up into the air.
The ball python barely misses you. The ball python constricts you.
* * * LOW HITPOINT WARNING * * *
The howler monkey hits you.
You die...

.......... .#. ..
...........## ... ... ..
......... .... ... #.
#......# #.... .
#.##.###......# #.....
..#.....##......##..<...
........##...........#
J..J..g.#w.......<..##
..gw..h@JK..............
...#...S#...............
#....#.##........#...
....#..#..######...# ..
.....##..#.# ##.## .
.... ... .. ## ##. ...
... .. ........ ....


You could see a worm, a howler monkey, a jelly, a dart slug, an endoplasm
(wandering), a hobgoblin, a goblin, a ball python, a kobold and a friendly
endoplasm (charmed).

Vanquished Creatures
  Crazy Yiuf (D:3)
  Jessica (D:3)
  Ijyb (D:3)
  4 adders
  A worm (D:2)
  2 endoplasms
  5 giant cockroaches
  7 hobgoblins
  2 quokkas
  2 ball pythons (D:2)
  4 bats
  3 frilled lizards
  3 goblins
  4 kobolds
  4 rats
44 creatures vanquished.

Vanquished Creatures (collateral kills)
  Terence (D:3)
  An adder (D:3)
  A dart slug (D:3)
  2 orcs (D:3)
  2 kobolds
  A rat (D:2)
8 creatures vanquished.

Grand Total: 52 creatures vanquished

Notes
Turn   | Place    | Note
-------+----------+-------------------------------------------
     0 | D:1      | H0rd4k the Human Artificer began the quest for the Orb.
     0 | D:1      | Reached XP level 1. HP: 15/15 MP: 1/1
   354 | D:1      | Reached XP level 2. HP: 21/21 MP: 2/2
   909 | D:2      | Reached XP level 3. HP: 22/26 MP: 3/3
  1016 | D:2      | Reached skill level 1 in Maces & Flails
  1113 | D:2      | Reached XP level 4. HP: 12/32 MP: 4/4
  1603 | D:3      | Noticed Jessica
  1605 | D:3      | Killed Jessica
  1628 | D:3      | Found a runed translucent door.
  1629 | D:3      | Noticed Crazy Yiuf
  1671 | D:3      | Reached XP level 5. HP: 25/37 MP: 5/5
  1923 | D:3      | Found a shadowy altar of Dithmenos.
  1923 | D:3      | Found a sparkling altar of Nemelex Xobeh.
  1949 | D:3      | Noticed Ijyb
  2133 | D:3      | Noticed Terence
  2224 | D:3      | Killed Terence
  2225 | D:3      | Reached skill level 4 in Evocations
  2228 | D:3      | Killed Ijyb
  2547 | D:3      | Your ally Crazy Yiuf died
  2601 | D:4      | HP: 1/38 [endoplasm (2)]
  2606 | D:4      | HP: 1/38 [constriction (1)]
  2606 | D:4      | Slain by a howler monkey

Illustrated notes

Levels and vault maps discovered:
D:1:      sevenhm_arrival_forest_fort_large_2, layout_basic
D:2:      layout_rooms
D:3:      layout_loops_ring, nicolae_overflow_two_pavilions, minmay_surrounded,
          uniq_jessica, uniq_crazy_yiuf_cottage, uniq_ijyb, uniq_terence
D:4:      layout_cave_pools, gammafunk_ghost_mausoleum, uniq_edmund,
          uniq_grinder

Skill      XL: |  1  2  3  4  5 |
---------------+----------------+-----
Maces & Flails | 1 2 |  2.8
Dodging        | 2 |  2.5
Evocations     | 4 |  4.0
Fighting       | |  1.8
Armour         | |  2.0
Stealth        | |  1.5

Action                     |  1- 3 |  4- 6 || total
---------------------------+-------+-------++-------
  Melee: Club              |   132 |    92 ||   224
         Punch             |     2 |     1 ||     3
  Throw: Dart              |       |     3 ||     3
  Evoke: Wand              |     7 |    12 ||    19
    Use: Potion            |       |     1 ||     1
   Stab: Sleeping          |       |     2 ||     2
 Armour: Leather armour    |    53 |    51 ||   104
  Dodge: Dodged            |   122 |   100 ||   222
